 Dungeon Crawl Stone Soup version 0.26.1-11-gd32895ea62 (webtiles) character file.

Game seed: 1291027745407732646

146 Zeld the Twirler (level 5, -8/34 HPs)
             Began as an Octopode Gladiator on May 23, 2021.
             Mangled by a mummy (13 damage)
             ... in an ossuary.
             The game lasted 00:02:05 (1867 turns).

Zeld the Twirler (Octopode Gladiator)               Turns: 1867, Time: 00:02:06

Health: -8/34      AC:  1    Str: 14    XL:     5   Next: 28%
Magic:  5/5        EV: 14    Int: 11    God:
Gold:   18         SH:  0    Dex: 13    Spells: 4/4 levels left

rFire    . . .     SeeInvis .   a - +0 quarterstaff
rCold    . . .     Faith    .   (shield currently unavailable)
rNeg     . . .     Spirit   .   b - +0 hat
rPois    .         Reflect  .   (no amulet)
rElec    .         Harm     .   (no ring)
rCorr    .         Rampage  .   (no ring)
Will     .....                  (no ring)
Stlth    ++........             (no ring)
HPRegen  0.11/turn              (no ring)
MPRegen  0.09/turn              (no ring)
                                (no ring)
                                (no ring)

@: no status effects
A: almost no armour, stealthy swim, amphibious, 8 rings, constrict 8, camouflage
1, gelatinous body 1
a: no special abilities


You were in an ossuary.
You visited 2 branches of the dungeon, and saw 6 of its levels.
You also visited: Ossuary.

You collected 18 gold pieces.

Inventory:

Hand Weapons
 a - a +0 quarterstaff (weapon)
Missiles
 c - 3 throwing nets (quivered)
Armour
 b - a +0 hat (worn)
Scrolls
 e - a scroll of identify {unknown}
 f - a scroll of enchant armour {unknown}
 g - 2 scrolls of remove curse {unknown}
 h - 2 scrolls of teleportation {unknown}
Potions
 d - a potion of haste {unknown}


   Skills:
 - Level 2.0 Fighting
 * Level 5.8 Staves
 - Level 2.0 Throwing
 - Level 3.0 Dodging


You had 4 spell levels left.
You didn't know any spells.
Your spell library was empty.

Dungeon Overview and Level Annotations

Branches:
Dungeon (5/15)             Temple (1/1) D:4         Ossuary (1/1)

Altars:
Cheibriados
Dithmenos
Fedhas
Gozag
Hepliaklqana
Qazlal
Wu Jian
Xom
Zin


Innate Abilities, Weirdness & Mutations

You cannot wear most types of armour.
You are very stealthy in the water. (Stealth+)
You are amphibious.
You can wear up to eight rings at the same time.
You can use your tentacles to constrict eight enemies at once.
Your skin changes colour to match your surroundings (Stealth+).
Your rubbery body absorbs attacks. (AC +1, EV +1)


Message History

You squeeze the mummy, but do no damage.
The mummy is heavily damaged.
You constrict the mummy. The mummy hits you.
* * * LOW HITPOINT WARNING * * *
The mummy barely misses you.
You release your grip on the mummy.
Found 3 gold pieces.
You see here a scroll labelled PAPUOS EKEJEI.
You see here 17 gold pieces.
You see here 4 gold pieces.
You see here 17 gold pieces.
You see here 4 gold pieces.
The mummy misses you. The kobold zombie hits you.
* * * LOW HITPOINT WARNING * * *
You see here 9 gold pieces.
You see here 16 gold pieces.
The kobold zombie hits you.
* * * LOW HITPOINT WARNING * * *
The gnoll zombie barely misses you. The mummy hits you!
You die...

.. ##..##......#
...##....##.....#
................#
...............##
.........M...##
#......Z.##'#
#......##..##
##....##....##
#....#...MZ@##
#....#....MZ$#
#...M#....!MM#
#....#....!M$#
#....#...?!$##
#....##...$$#
#....##..?$##
#.∩∩.###..$#
###### #####


You could see 5 mummies, a gnoll zombie and a kobold zombie.

Vanquished Creatures
  A worker ant (D:3)
  A big kobold zombie (Ossuary)
  2 mummies (Ossuary)
  4 adders
  An ooze (D:2)
  A worm (D:2)
  A leopard gecko (D:2)
  3 giant cockroaches
  3 gnoll zombies (Ossuary)
  4 goblins
  3 jackals (D:3)
  6 kobolds
  A ball python (D:3)
  5 bats
  2 hobgoblin zombies
  A kobold zombie (Ossuary)
  2 rats
41 creatures vanquished.

Notes
Turn   | Place    | Note
-------+----------+-------------------------------------------
     0 | D:1      | Zeld the Octopode Gladiator began the quest for the Orb.
     0 | D:1      | Reached XP level 1. HP: 14/14 MP: 1/1
   121 | D:2      | Reached XP level 2. HP: 16/19 MP: 2/2
   221 | D:2      | Reached skill level 4 in Staves
   412 | D:2      | Reached XP level 3. HP: 7/24 MP: 3/3
   893 | D:3      | Reached XP level 4. HP: 29/29 MP: 4/4
   910 | D:3      | Reached skill level 5 in Staves
  1184 | D:4      | Found a staircase to the Ecumenical Temple.
  1191 | Temple   | Entered the Ecumenical Temple
  1692 | D:5      | Entered Level 5 of the Dungeon
  1695 | D:5      | Found a sand-covered staircase.
  1706 | Ossuary  | Entered an ossuary
  1826 | Ossuary  | Reached XP level 5. HP: 30/34 MP: 5/5
  1867 | Ossuary  | Mangled by a mummy

Illustrated notes

Levels and vault maps discovered:
D:1:      lemuel_arrival_muddy, layout_loops_ring, minmay_misc_feat_doors
D:2:      layout_basic
D:3:      layout_basic, evilmike_ruin_ashenzari
D:4:      layout_loops_ring, nemelex_xobeh_ov_fountains_minmay,
          minmay_temple_entry_wispy
D:5:      minmay_chambers_of_fours, layout_basic, elyvilon_altar_3,
          enter_ossuary_3, uniq_prince_ribbit1, uniq_eustachio, uniq_ijyb
Temple:   jpeg_temple_island
Ossuary:  ossuary_tomb_3

Skill      XL: |  1  2  3  4 |
---------------+-------------+-----
Staves         | 4 5 |  5.8
Fighting       | |  2.0
Throwing       | |  2.0
Dodging        | |  3.0

Action                   |  1- 3 |  4- 6 || total
-------------------------+-------+-------++-------
Melee: Quarterstaff      |    41 |    36 ||    77
       Constrict         |    10 |    11 ||    21
       Tentacles         |     7 |     9 ||    16
 Stab: Sleeping          |     1 |     1 ||     2
Armor: Skin              |     1 |     1 ||     2
Dodge: Dodged            |    43 |    23 ||    66
